 Dungeon Crawl Stone Soup version 0.23.0-3-gf3c87f2df8 (webtiles) character file.

Game seed: 4302512508609056962

123 Banto the Insei (level 5, -3/44 HPs)
             Began as a Naga Transmuter on Feb 25, 2019.
             Slain by an adder (4 damage)
             ... on level 3 of the Dungeon.
             The game lasted 00:03:21 (2271 turns).

Banto the Insei (Naga Transmuter)                   Turns: 2271, Time: 00:03:22

Health: -3/44      AC:  2    Str: 12    XL:     5   Next: 7%
Magic:  8/8        EV: 15    Int: 14    God:
Gold:   197        SH:  0    Dex: 17    Spells: 2/8 levels left

rFire    . . .     SeeInvis +     - Unarmed
rCold    . . .     Gourm    .   (no shield)
rNeg     . . .     Faith    .   b - +0 robe
rPois    +         Spirit   .   (no helmet)
rElec    .         Reflect  .   (no cloak)
rCorr    .         Harm     .   (no gloves)
MR       .....                  (no barding)
Stlth    ++........             (no amulet)
HPRegen  0.14/turn              j - ring of attention (curse)
MPRegen  0.11/turn              i - +5 ring of slaying

@: agile, lethally poisoned (-3 -> -6), short of breath, very slow
A: large, see invisible, deformed body, poison resistance, slowness 2, slow
metabolism 1, spit poison 1, AC +1
a: Spit Poison


You were on level 3 of the Dungeon.
You were hungry.

You visited 1 branch of the dungeon, and saw 3 of its levels.

You collected 197 gold pieces.

Inventory:

Missiles
 a - 44 arrows
Armour
 b - a +0 robe (worn)
Jewellery
 g - an uncursed ring of ice
 i - a +5 ring of slaying (right hand)
 j - a cursed ring of attention (left hand)
 o - an uncursed ring of fire
Scrolls
 c - 2 scrolls of remove curse
Potions
 f - a potion of mutation
 m - 2 potions of flight
 q - a potion of resistance
Comestibles
 d - 5 rations
 p - 7 chunks of flesh


   Skills:
 - Level 1.0 Fighting
 - Level 1.5 Dodging
 + Level 4.4 Unarmed Combat
 - Level 2.0 Spellcasting
 + Level 3.8 Transmutations


You had 2 spell levels left.
You knew the following spells:

 Your Spells              Type           Power        Failure   Level  Hunger
a - Beastly Appendage     Tmut           ##....       4%          1    ##.....
b - Sticks to Snakes      Tmut           ##......     8%          2    ###....
c - Spider Form           Tmut/Pois      #.........   32%         3    ####...

Your spell library contained the following spells:

 Spells                   Type           Power        Failure   Level  Hunger
 Ice Form                 Ice/Tmut       #.......     71%         4    #####..
 Blade Hands              Tmut           ##........   80%         5    ######.


Dungeon Overview and Level Annotations

Branches:
Dungeon (3/15)

Altars:
Nemelex Xobeh
The Shining One


Innate Abilities, Weirdness & Mutations

You cannot wear boots.
Your serpentine skin is tough. (AC +1)
You have supernaturally acute eyesight. (SInv)
Armour fits poorly on your strangely shaped body.
Your system is resistant to poisons. (rPois)
You cover ground very slowly.
You have a slow metabolism.
You can spit poison.


Message History

You are lethally poisoned!
The adder poisons you!
Okay, then.
Press: ? - help, Shift-Dir - straight line, f - adder, p - rat
Aim: an adder The splash of poison hits the adder!
The adder is almost dead.
You feel slightly more hungry.
You are feeling hungry.
* * * LOW HITPOINT WARNING * * *
You feel sick. The adder bites you.
* * * LOW HITPOINT WARNING * * *
The rat closely misses you.
Unknown command.
Unknown command.
Unknown command.
Unknown command.
* * * LOW HITPOINT WARNING * * *
You feel sick. The adder bites you.
You die...

.)........
##########
#######
#...≈≈# #.
#..≈≈≈#
#.#####...#≈#
.........≈≈≈#
.?.......≈#≈#
.......@S≈≈≈#
........r≈#≈#
####.#...≈#
......#.
#r#....#
.......
#.#††..#
......#####
#.#....#
.......
...#.#÷####
......#
#.#...#
......#
#...###


You could see an adder and a rat.

Vanquished Creatures
  A hound skeleton (D:2)
  2 adders
  A river rat (D:3)
  3 gnolls (D:2)
  A worm (D:3)
  2 dart slugs
  2 leopard geckos (D:1)
  A ball python (D:1)
  6 goblins
  4 hobgoblins
  4 jackals (D:2)
  2 quokkas (D:3)
  2 bats
  5 frilled lizards
  6 kobolds
  11 rats
53 creatures vanquished.

Notes
Turn   | Place    | Note
-------+----------+-------------------------------------------
     0 | D:1      | Banto the Naga Transmuter began the quest for the Orb.
     0 | D:1      | Reached XP level 1. HP: 18/18 MP: 3/3
   219 | D:1      | Reached XP level 2. HP: 25/25 MP: 5/5
   310 | D:1      | HP: 1/25 [kobold/+0 dagger (4)]
   696 | D:1      | Found a glowing golden altar of the Shining One.
   894 | D:2      | Learned a level 2 spell: Sticks to Snakes
   931 | D:2      | Reached XP level 3. HP: 31/31 MP: 6/6
  1217 | D:2      | Found a sparkling altar of Nemelex Xobeh.
  1695 | D:2      | Reached skill level 4 in Unarmed Combat
  1695 | D:2      | Reached XP level 4. HP: 38/38 MP: 7/7
  1973 | D:2      | Learned a level 3 spell: Spider Form
  2233 | D:3      | Reached XP level 5. HP: 2/44 MP: 8/8
  2270 | D:3      | HP: 2/44 [adder (1)]
  2271 | D:3      | Slain by an adder

Skill      XL: |  1  2  3 |
---------------+----------+-----
Transmutations | 3 |  3.8
Unarmed Combat | 4 |  4.4
Fighting       | |  1.0
Dodging        | |  1.5
Spellcasting   | |  2.0

Action                   |  1- 3 |  4- 6 || total
-------------------------+-------+-------++-------
Melee: Unarmed           |    55 |    45 ||   100
 Abil: Spit Poison       |    21 |     6 ||    27
  Use: Scroll            |     2 |     7 ||     9
       Potion            |       |     1 ||     1
  Eat: Chunk             |     2 |     2 ||     4
Armor: Robe              |     6 |     6 ||    12
Dodge: Dodged            |    32 |    22 ||    54
